 Dungeon Crawl Stone Soup version 0.28-a0-1374-ga75cb3825e (webtiles) character file.

Game seed: 10124299104621505442

150 snetch the Magician (level 5, -1/35 HPs)
             Began as a Djinni Fire Elementalist on Dec 31, 2021.
             Was a Believer of Makhleb.
             Killed from afar by an orc wizard (5 damage)
             ... with a magic dart
             ... on level 4 of the Dungeon.
             The game lasted 00:07:34 (3385 turns).

snetch the Magician (Djinni Fire Elementalist)      Turns: 3385, Time: 00:07:34

Health: -1/35      AC:  4    Str:  7    XL:     5   Next: 58%
Gold:   183        EV: 12    Int: 18    God:    Makhleb [**....] SH:  0 Dex: 14

rFire   + + .      SeeInvis .   u - +0 short sword
rCold   . . .      Faith    .   (no shield)
rNeg    . . .      Spirit   .   v - +0 leather armour {rC+}
rPois   ∞          Reflect  .   (no helmet)
rElec   .          Harm     .   (no cloak)
rCorr   .          Rampage  .   c - +0 pair of gloves
Will    .....                   (boots unavailable)
Stlth   ++........              (no amulet)
HPRegen 0.11/turn               (no ring)
MPRegen 0.00/turn               (no ring)

@: flying
A: sickness immunity, fire resistance 2, cold vulnerability 1, float, innate
caster, hp casting, extra vitality 1
a: Renounce Religion, Minor Destruction


You were on level 4 of the Dungeon.
You worshipped Makhleb.
Makhleb was pleased with you.
You visited 1 branch of the dungeon, and saw 4 of its levels.

You collected 183 gold pieces.

Inventory:

Hand Weapons
 u - a +0 short sword (weapon)
Missiles
 l - 11 arrows
 m - 17 sling bullets
 n - 71 stones
 q - 23 bolts
Armour
 a - a +0 robe
 c - a +0 pair of gloves (worn)
 o - a +0 ring mail
 s - a +0 scale mail
 v - a +0 leather armour of cold resistance (worn)
Scrolls
 d - 3 scrolls of identify {unknown}
 g - 3 scrolls of teleportation {unknown}
 h - a scroll of vulnerability {unknown}
 i - a scroll of noise {unknown}
 p - a scroll of acquirement {unknown}
 t - a scroll of fog {unknown}
Potions
 b - 2 potions of might {unknown}
 e - 2 potions of attraction {unknown}
 f - a potion of lignification {unknown}
 j - a potion of mutation {unknown}
 k - a potion of haste {unknown}
 r - a potion of degeneration {unknown}


   Skills:
 + Level 2.5 Dodging
 + Level 2.2 Stealth
 + Level 4.2 Spellcasting


You couldn't memorise any spells.
You knew the following spells:

 Your Spells              Type           Power      Damage    Failure   Level
a - Foxfire               Conj/Fire      72%        2x1d7     3%          1
b - Scorch                Fire           36%        2d7       6%          2
c - Conjure Flame         Conj/Fire      18%        6-21      12%         3
d - Inner Flame           Hex/Fire       18%        N/A       12%         3
e - Flame Wave            Conj/Fire      18%        2d5       36%         4
f - Magic Dart            Conj           72%        1d6       3%          1
g - Blink                 Tloc           36%        N/A       6%          2
Your spell library was empty.

Dungeon Overview and Level Annotations

Branches:
Dungeon (4/15)
 Temple: D:4-7

Altars:
Makhleb

Shops:
D:2 [


Innate Abilities, Weirdness & Mutations

You are immune to sickness and miasma.
You are immune to poison.
Your flesh is very heat resistant. (rF++)
You are vulnerable to cold. (rC-)
You float through the air rather than walking.
You learn spells naturally, not from books.
Your magical power is your life essence.
You have superior vitality. (+4 MHP)


Message History

A ball python comes into view.
The orc wizard closely misses you. The orc wizard misses you.
Casting: Scorch (safe; 6% risk of failure)
Confirm with . or Enter, or press ? or * to list all spells.
Flames lash the jackal.
You kill the jackal!
Makhleb accepts your kill.
The orc wizard is no longer more vulnerable to fire.
The orc wizard hits you with a +0 dagger.
The orc wizard gestures at you while chanting.
You resist with some effort. The ball python closely misses you.
The ball python barely misses you.
You are too injured to fight recklessly!
Unknown command.
The orc wizard is no longer more vulnerable to fire.
The orc wizard points at you and mumbles some strange words.
The magic dart hits you!
* * * LOW HITPOINT WARNING * * *
The orc wizard gestures wildly while chanting.
The orc wizard flickers and vanishes!
Deactivating autopickup; reactivate with Ctrl-A.
Casting: Foxfire (safe; 4% risk of failure)
Press: ? - help, Q - select action, (/) - cycle Dir - look around, f - activate You conjure some foxfire!
* * * LOW HITPOINT WARNING * * *
The ball python bites you but does no damage.
The ball python misses you. The orc wizard closely misses you.
The ball python closely misses you. The ball python grabs you.
The ball python constricts you.
You escape the ball python's grasp.
Your foxfire dissipates!
The foxfire hits the ball python.
You kill the ball python!
Makhleb accepts your kill.
You feel better. The ball python bites you.
* * * LOW HITPOINT WARNING * * *
The ball python misses you. x2; The ball python closely misses you.
The orc wizard casts a spell at you. The magic dart hits you.
You die...

#. ... ....# #.. ..
#..... ##..##.
#....# ..
.......##.#...##...
.................(.
#.......##........#
#......<.........##
#.................#
....#..#@..........
#..................
##<.....So†........
...................
..........#.o......
..........##o†.....!
......##..##Z†..#$..
.....##..##.o...# ..
#...##..##......# #


You could see an orc wizard, 2 orcs and a ball python.

Vanquished Creatures
  8 adders
  An ufetubus (D:4)
  A worm (D:2)
  2 orcs (D:3)
  7 bats
  7 endoplasms
  2 giant cockroaches
  3 goblins
  10 hobgoblins
  4 jackals (D:4)
  3 kobolds
  A quokka (D:1)
  6 ball pythons
  6 frilled lizards
  4 rats
65 creatures vanquished.

Vanquished Creatures (others)
  180 foxfires
180 creatures vanquished.

Grand Total: 245 creatures vanquished

Notes
Turn   | Place    | Note
-------+----------+-------------------------------------------
     0 | D:1      | snetch the Djinni Fire Elementalist began the quest for the
                  | Orb.
     0 | D:1      | Reached XP level 1. HP: 15/15 MP: 0/0
    71 | D:1      | Found a faded altar of an unknown god.
   154 | D:1      | Prayed at the altar of an unknown god.
   154 | D:1      | Became a worshipper of Makhleb the Destroyer
   154 | D:1      | Reached * piety under Makhleb
   162 | D:1      | Reached XP level 2. HP: 18/21 MP: 0/0
   305 | D:2      | Reached skill level 3 in Spellcasting
   306 | D:2      | Reached XP level 3. HP: 15/25 MP: 0/0
   306 | D:2      | Learned a level 1 spell: Magic Dart
  1629 | D:2      | Reached XP level 4. HP: 21/31 MP: 0/0
  1990 | D:2      | Found Elah's Armour Shop.
  3027 | D:3      | Reached XP level 5. HP: 27/35 MP: 0/0
  3027 | D:3      | Learned a level 2 spell: Blink
  3115 | D:3      | Reached ** piety under Makhleb
  3121 | D:3      | Reached skill level 4 in Spellcasting
  3385 | D:4      | Killed from afar by an orc wizard

Illustrated notes

Levels and vault maps discovered:
D:1:      lemuel_arrival_room, layout_basic,
          chequers_ecumenical_altar_simple_redux, serial_aquarium,
          aquarium_bridge_straight [aquarium_subvault_bridge,
          aquarium_subvault_wall, aquarium_subvault_bridge,
          aquarium_subvault_window], aquarium_window_fake, aquarium_window_3,
          aquarium_view_2d, aquarium_pool_2
D:2:      layout_basic, serial_shops, shop, minmay_misc_feat_five
D:3:      minmay_octagon_keep, layout_basic, minivault_25
D:4:      layout_cave_pools, ebering_ghost_rock_garden, nicolae_elemental_shop

Skill      XL: |  1  2  3  4  5 |
---------------+----------------+-----
Spellcasting   | 3 4 |  4.2
Stealth        | 2 |  2.2
Dodging        | |  2.5

Action                   |  1- 3 |  4- 6 || total
-------------------------+-------+-------++-------
Melee: Dagger            |     1 |     1 ||     2
 Cast: Foxfire           |    57 |    55 ||   112
       Scorch            |     4 |    13 ||    17
       Magic Dart        |     4 |     3 ||     7
 Stab: Sleeping          |       |     1 ||     1
Armor: Robe              |     3 |     2 ||     5
       Leather armour    |       |     5 ||     5
Dodge: Dodged            |     6 |    27 ||    33

Table legend: (Time is in decaauts)
 A = Elapsed time spent in this place.
 B = Non-inter-level travel time spent in this place.
 C = Inter-level travel time spent in this place.
 D = Time resting spent in this place.
 E = Time spent auto-exploring this place.
 F = Levels seen in this place.
 G = Mean time per level.
                   A        B        C        D        E       F      G
               +--------+--------+--------+--------+--------+-----+--------+
         Total |   3391 |   3303 |     88 |      0 |   2660 |   4 |  847.8 |
       Dungeon |   3391 |   3303 |     88 |      0 |   2660 |   4 |  847.8 |
               +--------+--------+--------+--------+--------+-----+--------+

Top non-repeatable levels by time:
     D:1: 1396 daAuts
     D:2: 1053 daAuts
     D:3: 915 daAuts
     D:4: 26 daAuts
